 Dungeon Crawl Stone Soup version 0.27-a0-488-g88baaf19db (webtiles) character file.

Game seed: 7481170551766085765

434 tilp the Insei (level 7, 0/48 HPs)
             Began as an Octopode Transmuter on Mar 1, 2021.
             Was an Initiate of Okawaru.
             Slain by a sky beast (6 damage)
             ... on level 5 of the Dungeon.
             The game lasted 00:06:05 (5846 turns).

tilp the Insei (Octopode Transmuter)                Turns: 5846, Time: 00:06:06

Health: 0/48       AC:  1    Str:  9    XL:     7   Next: 0%
Magic:  10/10      EV: 13    Int: 18    God:    Okawaru [......]
Gold:   202        SH:  6    Dex: 12    Spells: 4/10 levels left

rFire    . . .     SeeInvis .     - Unarmed
rCold    . . .     Faith    .   l - +2 buckler
rNeg     . . .     Spirit   .   (helmet currently unavailable)
rPois    .         Reflect  .   b - amulet of magic regeneration
rElec    .         Harm     .   d - ring of flight
rCorr    .         Rampage  .   (no ring)
Will     .....                  (no ring)
Stlth    +++.......             (no ring)
HPRegen  0.16/turn              (no ring)
MPRegen  0.37/turn              (no ring)
                                (no ring)
                                (no ring)

@: appendages (expiring)
A: almost no armour, stealthy swim, amphibious, 8 rings, constrict 8, tentacle
spike 3, camouflage 1, gelatinous body 1
a: End Transformation, Renounce Religion, Evoke Flight


You were on level 5 of the Dungeon.
You worshipped Okawaru.
Okawaru was noncommittal.
One of your tentacles had a temporary spike.
You visited 1 branch of the dungeon, and saw 5 of its levels.

You collected 202 gold pieces.

Inventory:

Missiles
 h - 114 stones (quivered)
Armour
 l - a +2 buckler (worn)
Jewellery
 b - an amulet of magic regeneration (around mantle)
 d - a ring of flight (left tentacle)
Scrolls
 a - 2 scrolls of immolation
 c - 4 scrolls of fog
 e - a scroll of fear
 f - a scroll of enchant weapon {unknown}
 g - a scroll of magic mapping {unknown}
 i - a scroll of teleportation
 k - a scroll of noise {unknown}
 m - a scroll of amnesia {unknown}
 p - 2 scrolls of enchant armour
 r - a scroll of blinking {unknown}
 u - a scroll of identify
Potions
 j - 2 potions of flight
 n - 2 potions of might
 q - a potion of brilliance
 s - a potion of mutation {unknown}
 t - a potion of magic {unknown}


   Skills:
 - Level 4.0 Fighting
 - Level 2.0 Dodging
 - Level 4.0 Stealth
 - Level 2.0 Shields
 + Level 5.2 Unarmed Combat
 - Level 2.0 Spellcasting
 - Level 2.0 Transmutations


You had 4 spell levels left.
You knew the following spells:

 Your Spells              Type           Power        Failure   Level
a - Beastly Appendage     Tmut           18%          10%         1
b - Wereblood             Tmut           9%           16%         2
c - Spider Form           Tmut/Pois      2%           41%         3

Your spell library contained the following spells:

 Spells                   Type           Power        Failure   Level
 Ice Form                 Ice/Tmut       5%           83%         4
 Blade Hands              Tmut           4%           95%         5


Dungeon Overview and Level Annotations

Branches:
Dungeon (5/15)
 Temple: D:4-7

Altars:
Elyvilon
Fedhas
Gozag
Kikubaaqudgha
Okawaru
Qazlal
Sif Muna
Trog
Vehumet
Yredelemnul
The Shining One

Annotations:
D:3 Ijyb
D:4 exclusion: 2 ogres
D:5 Dowan, Duvessa, Pikel


Innate Abilities, Weirdness & Mutations

You cannot wear most types of armour.
You are very stealthy in the water. (Stealth+)
You are amphibious.
You can wear up to eight rings at the same time.
You can use your tentacles to constrict eight enemies at once.
Your skin changes colour to match your surroundings (Stealth+).
Your rubbery body absorbs attacks. (AC +1, EV +1)
One of your tentacles bears a large vicious spike.


Message History

There is a stone staircase leading up here.
Found 22 bolts.
A centaur skeleton comes into view.
Unknown command.
A shadow imp comes into view.
Unknown command.
Casting: Beastly Appendage (safe; 10% risk of failure)
Confirm with . or Enter, or press ? or * to list all spells.
One of your tentacles grows a vicious spike.
You throw a stone.
The stone hits the sky beast but does no damage.
The sky beast flickers out of sight!
Deactivating autopickup; reactivate with Ctrl-A.
No target in view!
You tentacle-slap something but do no damage.
Your squeeze misses something. Something barely misses you.
You closely miss something.
You pierce something.
Something hits you. Something shocks you.
You miss something. Something hits you. Something shocks you.
You tentacle-slap something.
Your tentacle spike misses something.
Your squeeze misses something. Something hits you. Something shocks you.
You tentacle-slap something. You squeeze something!
Your transformation is almost over.
Something hits you.
* * * LOW HITPOINT WARNING * * *
Something shocks you.
* * * LOW HITPOINT WARNING * * *
You barely miss something. Something hits you.
* * * LOW HITPOINT WARNING * * *
Something shocks you.
* * * LOW HITPOINT WARNING * * *
Unknown command.
The sky beast flickers out of sight!
A sky beast appears from thin air!
Reactivating autopickup.
There is a stone staircase leading up here.
You feel better. Something hits you.
* * * LOW HITPOINT WARNING * * *
Something shocks you.
You die...

..(# ####(#... ..#
.....#... #.#
....'... #.#
........ #ยง#
#...$...
#.########....)!.
#Y...............
###...####.........
#.@................
###...##.######..##
#...#.## e..$.
#....# .... #[..##
.... #...# .Z#
#...# #e #...#
####.# #...# #.....


You could see a sky beast.

Vanquished Creatures
  A phantom (D:4)
  2 scorpions
  A bullfrog skeleton (D:5)
  An iguana (D:5)
  Jessica (D:3)
  An orc wizard (D:3)
  2 worker ants (D:4)
  5 adders
  2 adder skeletons
  2 dart slugs (D:1)
  A leopard gecko (D:1)
  4 orcs
  4 giant cockroaches (D:1)
  8 goblins
  4 hobgoblins
  3 kobolds
  3 quokkas
  7 bats
  2 frilled lizards (D:3)
  A leopard gecko skeleton (D:4)
  A quokka skeleton (D:4)
  4 rats
60 creatures vanquished.

Vanquished Creatures (others)
  A plant (D:3)
1 creature vanquished.

Grand Total: 61 creatures vanquished

Notes
Turn   | Place    | Note
-------+----------+-------------------------------------------
     0 | D:1      | tilp the Octopode Transmuter began the quest for the Orb.
     0 | D:1      | Reached XP level 1. HP: 13/13 MP: 3/3
    60 | D:1      | Reached skill level 1 in Stealth
   242 | D:1      | Reached XP level 2. HP: 18/18 MP: 5/5
   245 | D:1      | Learned a level 2 spell: Wereblood
   828 | D:1      | Reached XP level 3. HP: 17/23 MP: 6/6
   832 | D:1      | Learned a level 3 spell: Spider Form
  1611 | D:2      | Found an iron altar of Okawaru.
  1612 | D:2      | Found a shimmering blue altar of Sif Muna.
  1612 | D:2      | Found a bloodstained altar of Trog.
  1614 | D:2      | Found a blossoming altar of Fedhas.
  1614 | D:2      | Found a white marble altar of Elyvilon.
  1615 | D:2      | Found a basalt altar of Yredelemnul.
  1615 | D:2      | Found a glowing golden altar of the Shining One.
  1616 | D:2      | Found an ancient bone altar of Kikubaaqudgha.
  1622 | D:2      | Became a worshipper of Warmaster Okawaru
  1885 | D:2      | Found an opulent altar of Gozag.
  2241 | D:3      | Noticed Ijyb
  2270 | D:3      | Noticed Jessica
  2277 | D:3      | Killed Jessica
  2278 | D:3      | Reached skill level 1 in Shields
  2278 | D:3      | Reached XP level 4. HP: 13/28 MP: 7/7
  2652 | D:3      | Reached XP level 5. HP: 18/34 MP: 8/8
  2822 | D:3      | Found a blossoming altar of Fedhas.
  2970 | D:3      | Found a radiant altar of Vehumet.
  2970 | D:3      | Found a stormy altar of Qazlal.
  3614 | D:4      | Noticed a phantom
  3651 | D:4      | Killed a phantom
  3652 | D:4      | Reached skill level 4 in Unarmed Combat
  3652 | D:4      | Reached XP level 6. HP: 8/42 MP: 9/9
  4938 | D:5      | Entered Level 5 of the Dungeon
  4946 | D:5      | Noticed Dowan
  4947 | D:5      | Noticed Duvessa
  4947 | D:5      | Noticed a sky beast
  5273 | D:5      | Noticed Pikel
  5289 | D:5      | Noticed a sky beast
  5458 | D:5      | Reached skill level 5 in Unarmed Combat
  5465 | D:5      | Reached XP level 7. HP: 19/48 MP: 10/10
  5846 | D:5      | Slain by a sky beast

Illustrated notes

Levels and vault maps discovered:
D:1:      dpeg_arrival_houses_and_road, layout_loops_corners
D:2:      layout_loops_cross, grunt_temple_overflow_open,
          overflow_temple_1_default, hex_large
D:3:      layout_rooms, minitemple, fedhas_ov_isle_minmay, uniq_jessica,
          uniq_ijyb
D:4:      layout_basic
D:5:      layout_basic, uniq_duvessa, uniq_grinder, uniq_pikel

Skill      XL: |  1  2  3  4  5  6 |
---------------+-------------------+-----
Stealth        | 2 3 4 |  4.0
Shields        | 1 2 |  2.0
Fighting       | 2 3 4 |  4.0
Unarmed Combat | 4 5 |  5.2
Dodging        | |  2.0
Spellcasting   | |  2.0
Transmutations | |  2.0

Action                   |  1- 3 |  4- 6 |  7- 9 || total
-------------------------+-------+-------+-------++-------
Melee: Unarmed           |    65 |   116 |     6 ||   187
       Constrict         |    23 |    25 |       ||    48
       Tentacles         |    11 |    18 |     1 ||    30
       Punch             |     2 |     3 |       ||     5
       Kick              |     2 |    23 |     1 ||    26
Throw: Stone             |       |    14 |     1 ||    15
 Cast: Beastly Appendage |     6 |    17 |     1 ||    24
       Wereblood         |       |     2 |       ||     2
  Use: Scroll            |     1 |     9 |       ||    10
       Potion            |       |     1 |     1 ||     2
 Stab: Sleeping          |     8 |     4 |       ||    12
Armor: Skin              |     8 |     2 |       ||    10
Dodge: Dodged            |    30 |    62 |     1 ||    93
Block: Buckler           |       |    19 |       ||    19

Table legend: (Time is in decaauts)
 A = Elapsed time spent in this place.
 B = Non-inter-level travel time spent in this place.
 C = Inter-level travel time spent in this place.
 D = Time resting spent in this place.
 E = Time spent auto-exploring this place.
 F = Levels seen in this place.
 G = Mean time per level.
                   A        B        C        D        E       F      G
               +--------+--------+--------+--------+--------+-----+--------+
         Total |   5843 |   5489 |    354 |   1463 |   3379 |   5 | 1168.6 |
       Dungeon |   5843 |   5489 |    354 |   1463 |   3379 |   5 | 1168.6 |
               +--------+--------+--------+--------+--------+-----+--------+

Top non-repeatable levels by time:
     D:4: 2030 daAuts
     D:1: 1449 daAuts
     D:3: 1064 daAuts
     D:2: 917 daAuts
     D:5: 381 daAuts
